 Dungeon Crawl Stone Soup version 0.28.0-1-gb440e238dd (webtiles) character file.

Game seed: 9125575664487135820

77 Woods the Cudgeller (level 4, 0/28 HPs)
             Began as a Gargoyle Fighter on Feb 22, 2022.
             Killed from afar by Sigmund (9 damage)
             ... with a puff of flame
             ... on level 3 of the Dungeon.
             The game lasted 00:03:01 (3022 turns).

Woods the Cudgeller (Gargoyle Fighter)              Turns: 3022, Time: 00:03:01

Health: 0/28       AC: 10    Str: 19    XL:     4   Next: 34%
Magic:  4/4        EV:  9    Int:  9    God:
Gold:   93         SH:  0    Dex: 11    Spells: 3/3 levels left

rFire   . . .      SeeInvis .   a - +0 flail
rCold   . . .      Faith    .   c - +0 buckler
rNeg    + . .      Spirit   .   b - +0 scale mail
rPois   ∞          Reflect  .   (no helmet)
rElec   +          Harm     .   (no cloak)
rCorr   .          Rampage  .   (no gloves)
Will    .....                   (no boots)
Stlth   ..........              (no amulet)
HPRegen 0.09/turn               (no ring)
MPRegen 0.09/turn               (no ring)

@: confused, mighty
A: sickness immunity, AC +3, negative energy resistance 1, electricity
resistance, torment resistance 1, petrification resistance
a: no special abilities


You were on level 3 of the Dungeon.
You visited 1 branch of the dungeon, and saw 3 of its levels.

You collected 93 gold pieces.

Inventory:

Hand Weapons
 a - a +0 flail (weapon)
Armour
 b - a +0 scale mail (worn)
 c - a +0 buckler (worn)
Jewellery
 n - an amulet of magic regeneration
Scrolls
 e - a scroll of enchant weapon {unknown}
 g - 5 scrolls of teleportation {unknown}
 h - a scroll of torment {unknown}
 j - a scroll of blinking {unknown}
 k - a scroll of immolation {unknown}
Potions
 d - a potion of might
 f - a potion of berserk rage {unknown}
 i - a potion of ambrosia {unknown}
 l - a potion of heal wounds {unknown}
 m - a potion of curing {unknown}


   Skills:
 - Level 3.3 Fighting
 + Level 4.3 Maces & Flails
 - Level 3.3 Armour
 - Level 3.3 Shields


You had 3 spell levels left.
You didn't know any spells.
Your spell library contained the following spells:

 Spells                   Type           Power      Damage    Failure   Level
 Pain                     Necr           0%         1d4       85%         1
 Agony                    Necr           0%         N/A       100%        5
 Excruciating Wounds      Necr           0%         N/A       100%        5


Dungeon Overview and Level Annotations

Branches:
Dungeon (3/15)

Altars:

Annotations:
D:3 Sigmund


Innate Abilities, Weirdness & Mutations

You are immune to sickness and miasma.
Your stone body is resilient. (AC +3)
You are immune to poison.
You resist negative energy. (rN+)
You are resistant to electric shocks. (rElec)
You are resistant to unholy torment.
You are immune to petrification.


Message History

You see here a +0 spear.
There is a stone staircase leading down here.
You climb downwards.
There is a stone staircase leading up here.
There is a stone staircase leading down here.
You climb downwards.
There is a stone staircase leading up here.
Found a stone staircase leading down.
A hobgoblin comes into view.
Found a scale mail.
The hobgoblin shouts!
A hobgoblin is nearby!
A hobgoblin is nearby!
Sigmund the Dreaded comes into view.
He is wielding a +0 scythe.
Found 14 stones.
Found a stone staircase leading down.
Found a flail.
The hobgoblin barely misses you.
You closely miss the hobgoblin. The hobgoblin hits you.
You hit the hobgoblin.
You kill the hobgoblin!
You hit Sigmund but do no damage. Sigmund hits you but does no damage.
You sock Sigmund!
Sigmund is moderately wounded.
Sigmund misses you.
You hit Sigmund but do no damage.
Sigmund is moderately wounded.
Sigmund hits you with a +0 scythe!
You feel very mighty all of a sudden.
You barely miss Sigmund.
Sigmund is moderately wounded.
Sigmund barely misses you.
You barely miss Sigmund.
Sigmund is moderately wounded.
Sigmund hits you with a +0 scythe!
You sock Sigmund!
Sigmund is severely wounded.
Sigmund points at you and mumbles some strange words.
You are confused.
Sigmund gestures at you while chanting. The puff of flame hits you!
You die...

#.# ... #.#
#######.#
.......<# ##..
######..##.....
#>...........
##>###.##..##.....
.(.......@.# ##..
.#.#.#[#...#
.......@..##
.#.#.#.#..#
..........#
.#.#.#.#..#
...........
.#.#.#.#.#.)
...........


You could see Sigmund.

Vanquished Creatures
  2 adders (D:2)
  An adder skeleton (D:2)
  A worm (D:2)
  4 bats
  3 endoplasms
  6 giant cockroaches
  10 hobgoblins
  A jackal (D:1)
  2 quokkas (D:2)
  A ball python (D:2)
  A frilled lizard (D:2)
  6 goblins
  7 kobolds
  4 rats
49 creatures vanquished.

Vanquished Creatures (others)
  19 plants (D:2)
19 creatures vanquished.

Grand Total: 68 creatures vanquished

Notes
Turn   | Place    | Note
-------+----------+-------------------------------------------
     0 | D:1      | Woods the Gargoyle Fighter began the quest for the Orb.
     0 | D:1      | Reached XP level 1. HP: 14/14 MP: 1/1
   247 | D:1      | Reached XP level 2. HP: 19/19 MP: 2/2
   569 | D:1      | Reached skill level 3 in Maces & Flails
   678 | D:1      | You fall into a shaft and drop 1 floor!
   743 | D:2      | Reached XP level 3. HP: 23/23 MP: 3/3
  1262 | D:1      | Reached skill level 4 in Maces & Flails
  1365 | D:1      | Reached XP level 4. HP: 28/28 MP: 4/4
  1643 | D:1      | Found a faded altar of an unknown god.
  3009 | D:3      | Noticed Sigmund
  3022 | D:3      | Killed from afar by Sigmund

Illustrated notes

Levels and vault maps discovered:
D:1:      dpeg_arrival_morbid_curiosity, layout_basic,
          ebering_ecumenical_altar_mist, minmay_quantized
D:2:      kennysheep_six_static_rooms, layout_rooms, serial_bayou,
          serial_bayou_pond_a, serial_bayou_lake_a, serial_bayou_shore_b,
          serial_bayou_shore_b, serial_bayou_shore_a, serial_bayou_lagoon_b
D:3:      layout_loops_ring, mainiacjoe_overflow_small_starburst,
          lemuel_crystal_altar, serial_glass, glass_columns_a, glass_columns_a,
          glass_columns_b, glass_columns_c, glass_columns_c, kennysheep_donut,
          uniq_sigmund, uniq_robin

Skill      XL: |  1  2  3 |
---------------+----------+-----
Maces & Flails | 3 4 |  4.3
Fighting       | |  3.3
Armour         | |  3.3
Shields        | |  3.3

Action                   |  1- 3 |  4- 6 || total
-------------------------+-------+-------++-------
Melee: Flail             |   118 |    49 ||   167
  Use: Potion            |       |     1 ||     1
Armor: Scale mail        |    57 |    20 ||    77
Dodge: Dodged            |    40 |    24 ||    64
Block: Buckler           |    30 |     6 ||    36
